 Dungeon Crawl Stone Soup version 0.30.1-4-g462c640d31 (webtiles) character file.

Game seed: 12592123868242460289

551720 Kurtz the Hoplite (level 26, -3/173 HPs)
             Began as a Tengu Fighter on Sept 16, 2023.
             Was an Initiate of the Shining One.
             Slain by a stone giant (42 damage)
             ... on level 4 of the Vaults.
             The game lasted 03:09:19 (64198 turns).

Kurtz the Hoplite (Tengu Fighter)                  Turns: 64198, Time: 03:09:20

Health: -3/173     AC: 39    Str: 25    XL:     26   Next: 33%
Magic:  0/38       EV: 20    Int:  7    God:    the Shining One [......]
Gold:   4615       SH: 28    Dex: 20    Spells: 23/45 levels left

rFire   + + .        i - +9 broad axe (flame)
rCold   + + .        c - +2 tower shield
rNeg    + + .        p - +14 plate armour of Laqa {rElec Will+ Regen+ Int+4}
rPois   .            h - +1 hat of the Ethereal God {Rampage rCorr Int-5 Dex-2}
rElec   +            W - scarf {rC+ rF+}
rCorr   +            k - +2 pair of gloves {Stlth+}
SInv    +            (boots unavailable)
Will    +++..        a - amulet "Qaotipri" {Spirit rC+ rN++ Str+2 Int+3}
Stlth   +            w - ring of the Lily {Fly Will+ Int-5 Dex+2 SInv}
HPRegen 1.28/turn    e - ring of Generosity {rF+ rC+ Dex+2}
MPRegen 0.26/turn

%: guardian spirit, rampage
@: lethally poisoned (-3 -> -4), flying quickly and evasively, glowing, studying
2 skills, quick
A: beak, talons 3, nimble flight, iridescent scales 1, cold vulnerability 1
}: 3/15 runes: serpentine, barnacled, abyssal
a: Renounce Religion


You were on level 4 of the Vaults.
You worshipped the Shining One.
The Shining One was noncommittal.
You visited 11 branches of the dungeon, and saw 47 of its levels.
You visited the Abyss 2 times.
You visited 1 bazaar.
You also visited: Gauntlet, Ice Cave and Wizlab.

You collected 7878 gold pieces.
You spent 3263 gold pieces at shops.

Inventory:

Hand Weapons
 i - a +9 broad axe of flaming (weapon)
 O - a +2 antimagic broad axe
Missiles
 v - 3 throwing nets
 T - 4 curare-tipped darts (quivered)
Armour
 c - a +2 tower shield (worn)
 h - the +1 hat of the Ethereal God (worn) {Rampage rCorr Int-5 Dex-2}
   (Okawaru gifted it to you on level 1 of the Elven Halls)

   Int:       It affects your intelligence (-5).
   Dex:       It affects your dexterity (-2).
   rCorr:     It protects you from acid and corrosion.
   Rampage:   It bestows one free step when moving towards enemies.
 k - a +2 pair of gloves of stealth (worn)
 p - the +14 plate armour of Laqa (worn) {rElec Will+ Regen+ Int+4}
   (You found it on level 3 of the Dungeon)

   Int:       It affects your intelligence (+4).
   rElec:     It insulates you from electricity.
   Regen:     It increases your rate of health regeneration.
   Will:      It increases your willpower.
 x - the scarf of New Discoveries {shadows, rN+ Will- rCorr}
   (Okawaru gifted it to you on level 2 of the Snake Pit)

   rN:        It protects you from negative energy.
   rCorr:     It protects you from acid and corrosion.
   Will:      It decreases your willpower.
 W - a scarf of resistance (worn)
Jewellery
 a - the amulet "Qaotipri" (around neck) {Spirit rC+ rN++ Str+2 Int+3}
   (You found it on level 1 of the Crypt)

   [amulet of guardian spirit]

   It causes incoming damage to be divided between your reserves of health and
   magic.
   Str:       It affects your strength (+2).
   Int:       It affects your intelligence (+3).
   rC:        It protects you from cold.
   rN:        It greatly protects you from negative energy.
 e - the ring of Generosity (right hand) {rF+ rC+ Dex+2}
   (You acquired it on level 3 of the Dungeon)

   [ring of protection from cold]

   Dex:       It affects your dexterity (+2).
   rF:        It protects you from fire.
   rC:        It protects you from cold.
 r - a +5 ring of evasion
 u - the ring of Futzanou {EV+5 Str+3}
   (You found it on level 5 of the Lair of Beasts)

   [ring of evasion]

   EV:        It affects your evasion (+5).
   Str:       It affects your strength (+3).
 w - the ring of the Lily (left hand) {Fly Will+ Int-5 Dex+2 SInv}
   (You found it on level 1 of the Elven Halls)

   [ring of willpower]

   Int:       It affects your intelligence (-5).
   Dex:       It affects your dexterity (+2).
   SInv:      It lets you see invisible.
   Fly:       It grants you flight.
   Will:      It increases your willpower.
 C - a ring of protection from cold
 D - a +4 ring of protection
 Q - a ring of resist corrosion
 S - a ring of positive energy
 X - a ring of poison resistance
Wands
 b - a wand of polymorph (22)
 F - a wand of quicksilver (31)
 H - a wand of digging (20)
 I - a wand of flame (47)
 R - a wand of iceblast (41)
 V - a wand of mindburst (22)
 Z - a wand of paralysis (21)
Scrolls
 f - 16 scrolls of fog
 l - 20 scrolls of teleportation
 m - 6 scrolls of blinking
 o - 3 scrolls of magic mapping
 y - 3 scrolls of silence
 A - 13 scrolls of fear
 M - 9 scrolls of immolation
Potions
 d - 8 potions of might
 j - 4 potions of heal wounds
 n - 3 potions of invisibility
 q - 3 potions of magic
 s - 16 potions of curing
 t - 12 potions of ambrosia
 B - 7 potions of haste
 G - 4 potions of cancellation
 J - 8 potions of resistance
 K - 3 potions of berserk rage
 P - 7 potions of brilliance
Miscellaneous
 g - a lightning rod (4/4)
 E - a condenser vane


   Skills:
 * Level 19.8 Fighting
 - Level 20.2 Axes
 * Level 18.7 Armour
 * Level 15.4 Dodging
 * Level 12.6 Stealth
 * Level 25.5 Shields
 * Level 10.0 Spellcasting
 * Level 3.1 Translocations
 * Level 8.9 Transmutations
 * Level 4.3 Earth Magic


You had 23 spell levels left.
You knew the following spells:

 Your Spells              Type           Power      Damage    Failure   Level
a - Beastly Appendage     Tmut           32%        N/A       2%          1
b - Wereblood             Tmut           16%        N/A       4%          2
c - Petrify               Tmut/Erth      12%        N/A       56%         4
d - Borgnjor's Vile Clut  Necr/Erth      3%         N/A       100%        5
e - Statue Form           Tmut/Erth      8%         N/A       100%        6
f - Passage of Golubria   Tloc           7%         N/A       96%         4

Your spell library contained the following spells:

 Spells                   Type           Power      Damage    Failure   Level
 Passwall                 Tmut/Erth      10%        N/A       11%         2
 Sandblast                Erth           18%        2d7       19%         1
 Lesser Beckoning         Tloc           14%        N/A       41%         2
 Spider Form              Tmut/Pois      9%         N/A       45%         3
 Blade Hands              Tmut           8%         N/A       58%         5
 Momentum Strike          Conj/Tloc      10%        3d8       65%         2
 Gell's Gravitas          Tloc           7%         N/A       65%         3
 Teleport Other           Tloc           7%         N/A       65%         3
 Magic Dart               Conj           12%        1d3       71%         1
 Shock                    Conj/Air       12%        1d3       71%         1
 Slow                     Hex            12%        N/A       71%         1
 Stone Arrow              Conj/Erth      12%        3d7       78%         3
 Ensorcelled Hibernation  Hex/Ice        6%         N/A       85%         2
 Poisonous Vapours        Pois/Air       6%         N/A       85%         2
 Searing Ray              Conj           6%         2d4       85%         2
 Sublimation of Blood     Necr           3%         N/A       85%         2
 Portal Projectile        Hex/Tloc       10%        N/A       86%         3
 Vhi's Electric Charge    Tloc/Air       10%        N/A       86%         3
 Volatile Blastmotes      Fire/Tloc      10%        2d10      86%         3
 Ice Form                 Ice/Tmut       9%         N/A       86%         4
 Manifold Assault         Tloc           7%         N/A       96%         4
 Call Canine Familiar     Summ           3%         N/A       97%         3
 Confusing Touch          Hex            3%         N/A       97%         3
 Frozen Ramparts          Ice            6%         1d1       97%         3
 Hailstorm                Conj/Ice       3%         3d3       97%         3
 Inner Flame              Hex/Fire       3%         N/A       97%         3
 Mephitic Cloud           Conj/Pois/Air  3%         N/A       97%         3
 Swiftness                Air            3%         N/A       97%         3
 Vampiric Draining        Necr           3%         2d6       97%         3
 Animate Armour           Summ/Erth      12%        N/A       99%         4
 Leda's Liquefaction      Hex/Erth       3%         N/A       99%         4
 Alistair's Intoxication  Tmut/Pois      6%         N/A       99%         5
 Irradiate                Conj/Tmut      4%         3d13      99%         5
 Lee's Rapid Deconstruct  Erth           4%         3d5*      99%         5
 Anguish                  Hex/Necr       1%         N/A       100%        4
 Cause Fear               Hex            1%         N/A       100%        4
 Flame Wave               Conj/Fire      3%         2d5       100%        4
 Fulminant Prism          Conj/Hex       1%         3d5       100%        4
 Olgreb's Toxic Radiance  Pois           3%         N/A       100%        4
 Sticky Flame             Conj/Fire      3%         2d3       100%        4
 Summon Ice Beast         Ice/Summ       3%         N/A       100%        4
 Arcjolt                  Conj/Air       1%         1d11      100%        5
 Freezing Cloud           Conj/Ice/Air   1%         6-21      100%        5
 Iskenderun's Battlesphe  Conj           3%         2d6       100%        5
 Silence                  Hex/Air        1%         N/A       100%        5
 Dispersal                Tloc           3%         N/A       100%        6
 Eringya's Noxious Bog    Tmut/Pois      4%         N/A       100%        6
 Iron Shot                Conj/Erth      3%         9d2       100%        6
 Plasma Beam              Fire/Air       1%         2x1d12    100%        6
 Simulacrum               Ice/Necr       1%         N/A       100%        6
 Dragon Form              Tmut           8%         N/A       100%        7
 Borgnjor's Revivificati  Necr           1%         N/A       100%        8
 Discord                  Hex            1%         N/A       100%        8
 Disjunction              Tloc           3%         N/A       100%        8
 Ignition                 Fire           1%         3d3       100%        8
 Lehudib's Crystal Spear  Conj/Erth      3%         10d2      100%        8
 Maxwell's Capacitive Co  Air            1%         ∞         100%        8
 Death's Door             Necr           1%         N/A       100%        9


Dungeon Overview and Level Annotations

Branches:
Dungeon (15/15)            Temple (1/1) D:6            Lair (5/5) D:10
 Shoals (4/4) Lair:2        Snake (4/4) Lair:3        Slime (0/5) Lair:4
    Orc (2/2) D:10            Elf (3/3) Orc:2        Vaults (5/5) D:13
  Crypt (3/3) Vaults:3       Tomb (1/3) Crypt:3      Depths (4/4) D:15
    Zot (0/5) Depths:4      IceCv (visited)          WizLab (visited)
Gauntlet (visited)

Altars:
Dithmenos
Elyvilon
Fedhas
Gozag
Hepliaklqana
Kikubaaqudgha
Makhleb
Nemelex Xobeh
Okawaru
Qazlal
Ru
Sif Muna
Uskayaw
Vehumet
Wu Jian
Xom
Yredelemnul
Zin
The Shining One
Jiyva

Shops:
D:3 ?   D:4 [   Orc:1 *   Orc:2 (:[*   Elf:1 (   Elf:2 :   Elf:3 !   Shoals:1 !
Snake:2 ((   Vaults:1 (   Vaults:2 (   Vaults:3 *   Depths:3 [:(

Portals:
Hell: Lair:5 Depths:1 Depths:2 Depths:3 Depths:4
Abyss: Depths:3
Pandemonium: Depths:2 Depths:3 Depths:4
Ziggurat: Depths:4

Annotations:
D:11 3 runed translucent doors, middlethird's ghost, journeyman FoNe
Depths:4 exclusions: 2 daevas and 2 more exclusions


Innate Abilities, Weirdness & Mutations

You have a beak for a mouth.
You have claws for feet.
Your magical nature lets you fly swiftly and evasively.
You are partially covered in iridescent scales. (AC +2)
You are vulnerable to cold. (rC-)


Message History

The vault warden is almost dead.
You hit the frost giant. You burn the frost giant.
You hit the stone giant but do no damage.
You feel sick. You block the stone giant's attack.
You block the frost giant's attack.
The vault warden hits you with a +3 battleaxe!!
* * * LOW HITPOINT WARNING * * *
The vault guard hits you but does no damage.
Unknown command.
You slash the vault warden! You burn the vault warden.
You kill the vault warden!
The runic seals fade away.
You slash the stone giant! You burn the stone giant.
You hit the stone giant but do no damage.
You slash the ironbound convoker! You burn the ironbound convoker.
You completely miss the ironbound preserver.
You barely miss the frost giant.
You feel sick.
The frost giant hits you with a +1 battleaxe of freezing!
* * * LOW HITPOINT WARNING * * *
The frost giant freezes you.
* * * LOW HITPOINT WARNING * * *
You block the stone giant's attack.
You block the ironbound preserver's attack.
The ironbound convoker closely misses you.
The stone giant hits you!!
* * * LOW HITPOINT WARNING * * *
The vault guard hits you from afar with a +0 bardiche!
* * * LOW HITPOINT WARNING * * *
Unknown command.
You feel much better.
You feel sick. You block the frost giant's attack.
The stone giant hits you but does no damage.
You block the ironbound preserver's attack.
You block the vault guard's attack. The stone giant completely misses you.
You feel sick. You block the stone giant's attack.
You block the vault guard's attack. The frost giant completely misses you.
The stone giant hits you but does no damage.
You block the ironbound preserver's attack.
You fly upwards.
You feel sick.
There is a stone staircase leading down, spattered with blood here.
You feel much better.
You feel sick. The stone giant hits you!!!
You die...

##...## #.... #.....# #....
###.....### #.... ##.........##
#.... #...........# #....
#...........# #.... #...........#
#.... ##....[C...## #....
###.C@p.### #.... #.)CC.# #....
##...## #....
#################'###########....
.................................
.................................
.....:...........................
.......####'###..................
.......#......#..................


You could see an ironbound preserver, a frost giant and 3 stone giants.

Vanquished Creatures
  A dread lich (Vaults:4)
  Mennas (Crypt:3)
  2 juggernauts (Depths:3)
  Vv (Depths:2)
  Margery (Vaults:3)
  Saint Roka (Crypt:1)
  Vashnia (Snake:2)
  Xtahua (Vaults:3)
  4 caustic shrikes (Depths:4)
  2 golden dragons (Depths:3)
  the Enchantress (Depths:2)
  A bone dragon (Depths:4)
  A Cloud Mage (WizLab)
  3 tentacled monstrosities
  Mlioglotl (Shoals:2)
  Jorgrun (Orc:1)
  2 walking earthen tomes
  Zenata (Orc:2)
  4 liches
  4 deep elf blademasters
  2 deep elf master archers (Elf:3)
  2 quicksilver dragons
  A titan (Depths:4)
  A kraken (Shoals:3)
  4 sphinxes
  Polyphemus (Shoals:2)
  6 ancient champions
  Gastronok (Lair:2)
  2 storm dragons
  2 shadow dragons
  3 tengu reavers
  Ilsuiw (Shoals:2)
  5 nagarajas
  A revenant (Crypt:1)
  15 vault wardens
  A balrug (Depths:3)
  9 deep elf sorcerers
  9 fire giants
  10 frost giants
  An iron dragon (Vaults:4)
  3 orc warlords
  2 curse skulls
  A juggernaut zombie (Crypt:3)
  5 spriggan defenders
  A draconian scorcher (Depths:4)
  18 ironbound preservers
  5 war gargoyles
  4 deep elf elementalists (Elf:3)
  23 very ugly things
  A reaper (Abyss:5)
  11 stone giants
  7 ghouls (Crypt:1)
  A draconian annihilator (Depths:4)
  20 vampire knights
  3 deep elf demonologists (Elf:3)
  7 ironbound thunderhulks
  A juggernaut skeleton (D:15)
  A white draconian (Depths:4)
  A black draconian (Depths:4)
  A yellow draconian (Depths:4)
  Nessos (D:15)
  8 dire elephants
  6 deep elf annihilators (Elf:3)
  3 red draconians (Depths:4)
  3 spark wasps (WizLab)
  A minotaur (Gauntlet)
  Snorg (D:10)
  15 ettins
  7 deep elf death magi
  11 fire dragons
  3 eidola
  13 merfolk javelineers
  10 merfolk impalers
  A mummy priest (Tomb:1)
  7 deep elf high priests (Elf:3)
  An entropy weaver (shapeshifter) (D:14)
  An entropy weaver (Vaults:4)
  2 crystal guardians (Vaults:3)
  2 green deaths
  8 jiangshi
  11 yaktaur captains
  10 ice dragons
  Harold (D:9)
  4 great orbs of eyes
  6 ghost crabs (WizLab)
  4 salamander tyrants
  6 peacekeepers
  7 spriggan air magi
  26 vault guards
  A quicksilver dragon skeleton (Vaults:4)
  4 rakshasas
  A caustic shrike simulacrum (IceCv)
  2 death knights (Crypt:1)
  5 hydras
  3 merfolk avatars
  3 catoblepae
  7 anacondas
  A bennu zombie (Crypt:2)
  16 centaur warriors
  4 two-headed ogres
  A satyr (Shoals:4)
  4 boulder beetles
  36 dancing weapons
  9 ironbound frosthearts
  An ogre mage (Vaults:4)
  2 death yaks (Shoals:2)
  A hell hog (Gauntlet)
  4 merfolk aquamancers
  4 tengu warriors
  3 deep troll shamans
  11 death scarabs (Tomb:1)
  11 naga warriors
  2 orc high priests
  10 vampire magi
  16 hell knights
  An alligator snapping turtle (Shoals:4)
  7 deep troll earth magi
  13 thrashing horrors
  8 spriggan berserkers
  13 naga sharpshooters
  A storm dragon zombie (Crypt:3)
  Sonja (Lair:1)
  11 shock serpents
  3 sun demons
  18 deep elf knights
  39 skeletal warriors
  9 skysharks
  A soul eater (Crypt:1)
  6 salamander mystics
  3 wretched stars
  A spatial maelstrom (Abyss:5)
  A shadow wraith (Vaults:4)
  4 sixfirhies
  7 death drakes (WizLab)
  7 large abominations
  10 flayed ghosts
  A shadow demon (Depths:4)
  55 deep trolls
  A golden dragon zombie (Crypt:2)
  3 iron trolls
  2 glowing orange brains
  An anaconda zombie (Crypt:3)
  17 phantasmal warriors
  15 sea snakes
  25 harpies
  18 ironbound convokers
  An orange crystal statue (IceCv)
  A spriggan simulacrum (Snake:1)
  3 bog bodies (Crypt:1)
  8 deep elf archers
  9 lindwurms
  5 wizards
  A broodmother zombie (Crypt:1)
  8 naga ritualists
  Pikel (D:5)
  27 deep elf zephyrmancers
  31 deep elf pyromancers
  15 orc knights
  30 ugly things
  9 fauns
  10 necromancers
  2 oklob plants (Shoals:4)
  A stone giant zombie (Crypt:3)
  8 mana vipers
  8 orc sorcerers
  10 cyclopes
  16 salamanders
  20 elephants
  A frost giant skeleton (Vaults:4)
  A jorogumo skeleton (Crypt:2)
  11 manticores
  A guardian serpent (Snake:3)
  2 centaur zombies
  13 merfolk sirens
  5 apocalypse crabs (WizLab)
  41 black mambas
  A rust devil (Depths:2)
  A torpor snail (Lair:2)
  7 water nymphs
  21 vault sentinels
  A centaur skeleton (Crypt:2)
  An eleionoma skeleton (Crypt:3)
  A gargoyle (D:14)
  5 smoke demons
  4 orange demons
  A yellow draconian zombie (Crypt:1)
  17 naga magi
  14 cane toads
  An unseen horror (D:11)
  A grey draconian zombie (Crypt:2)
  6 komodo dragons
  3 ice devils
  An elephant slug zombie (Crypt:2)
  2 kobold demonologists (Abyss:4)
  A naga skeleton (Tomb:1)
  8 rime drakes
  2 tengu conjurers
  5 freezing wraiths
  An efreet (D:15)
  An alligator snapping turtle skeleton (Crypt:2)
  28 yaktaurs
  3 guardian mummies (Tomb:1)
  2 anaconda simulacra (Snake:1)
  2 golden dragon simulacra
  2 harpy zombies
  4 red devils
  Psyche (D:10)
  An ancient zyme (Abyss:5)
  A silent spectre (Abyss:5)
  A yellow draconian skeleton (Crypt:3)
  A sea snake skeleton (Crypt:1)
  A queen bee (Lair:2)
  28 merfolk
  8 polar bears
  3 hellwings
  10 trolls
  A meliai (shapeshifter) (Vaults:5)
  8 wind drakes
  2 harpy skeletons
  18 snapping turtles
  An alligator zombie (Crypt:3)
  6 blink frogs (Lair:5)
  5 hornets
  A satyr zombie (Crypt:3)
  8 raiju
  A death drake skeleton (Crypt:1)
  16 dream sheep
  A stone giant simulacrum (Vaults:4)
  A jumping spider zombie (Crypt:1)
  4 spriggans
  2 ettin zombies
  28 slime creatures
  A radroach zombie (Crypt:2)
  A satyr skeleton (Crypt:2)
  6 flying skulls (Crypt:3)
  3 shadows
  5 air elementals
  2 centaur simulacra (D:14)
  Sigmund (D:2)
  A yak (shapeshifter) (Elf:3)
  3 wraiths
  3 wyverns
  2 fire bats (Gauntlet)
  20 vampires
  A wind drake zombie (Crypt:3)
  3 ynoxinuls
  21 water elementals
  3 fire elementals
  51 yaks
  An ettin skeleton (Abyss:4)
  2 neqoxecs (Abyss:5)
  A hog (shapeshifter) (D:9)
  5 basilisks
  A chaos spawn (Depths:2)
  A minotaur simulacrum (Snake:1)
  3 steam dragons
  Menkaure (D:5)
  11 vampire mosquitoes
  Grum (Lair:1)
  2 harpy simulacra
  5 wargs
  2 glowing shapeshifter zombies (D:15)
  A spatial vortex (Abyss:5)
  A swamp worm (shapeshifter) (Elf:2)
  A fire bat skeleton (Crypt:3)
  58 nagas
  12 water moccasins
  6 hell hounds
  A floating eye (Abyss:5)
  31 orc warriors
  4 ice beasts
  2 sky beasts
  A boggart (Elf:1)
  5 black bears
  12 centaurs
  An ettin simulacrum (Crypt:3)
  24 wolves
  5 ogres
  4 alligator simulacra
  2 lemures (D:5)
  4 kobold brigands
  5 scorpions
  7 small abominations
  A gnoll sergeant (D:9)
  20 bullfrogs
  2 deep troll simulacra (Snake:1)
  2 necrophages (Crypt:1)
  A yaktaur skeleton (Crypt:3)
  4 earth elementals
  19 wights
  4 spriggan zombies
  2 lindwurm simulacra (IceCv)
  7 spriggan skeletons
  30 killer bees
  A troll skeleton (D:11)
  6 electric eels
  5 howler monkeys
  4 crimson imps (Gauntlet)
  A basilisk zombie (Crypt:2)
  2 hounds
  A basilisk skeleton (Crypt:1)
  26 orc priests
  6 jellies
  10 starcursed masses
  2 sleepcaps
  Crazy Yiuf (D:2)
  Natasha (twice) (D:3)
  7 iguanas
  30 orc wizards
  A naga zombie (Crypt:1)
  A tengu skeleton (Crypt:2)
  8 mummies (Tomb:1)
  11 adders
  5 gnolls
  A shadow imp (D:5)
  A white imp (D:7)
  2 ufetubi
  An adder skeleton (Crypt:1)
  An iguana skeleton (Crypt:3)
  A worm (D:3)
  A worm (shapeshifter) (Depths:4)
  3 dart slugs
  101 orcs
  7 endoplasms
  A giant cockroach (D:4)
  5 goblins
  7 hobgoblins
  10 jackals
  6 quokkas
  4 ball pythons
  A ball python zombie (Crypt:3)
  3 bats
  An endoplasm zombie (Crypt:3)
  3 frilled lizards
  27 kobolds
  5 rats
  2 starspawn tentacles (Shoals:2)
  4 tentacles (Shoals:3)
2244 creatures vanquished.

Vanquished Creatures (others)
  A frost giant (Depths:4)
  A deep elf knight (Elf:3)
  A deep elf pyromancer (Elf:3)
  A harpy (Shoals:3)
  A necromancer (Vaults:5)
  An air elemental (WizLab)
  A yak (Lair:1)
  21 spectral weapons
  3 starspawn tentacles (Shoals:2)
  8 tentacles (Shoals:3)
39 creatures vanquished.

Grand Total: 2283 creatures vanquished

Notes
Turn   | Place    | Note
-------+----------+-------------------------------------------
     0 | D:1      | Kurtz the Tengu Fighter began the quest for the Orb.
     0 | D:1      | Reached XP level 1. HP: 14/14 MP: 2/2
   356 | D:1      | Reached XP level 2. HP: 19/19 MP: 3/3
   540 | D:1      | Found a faded altar of an unknown god.
   800 | D:2      | Reached XP level 3. HP: 23/23 MP: 4/4
  1139 | D:2      | Reached XP level 4. HP: 24/28 MP: 5/5
  1203 | D:2      | Reached skill level 1 in Dodging
  1382 | D:2      | Found a runed translucent door.
  1383 | D:2      | Noticed Crazy Yiuf
  1425 | D:2      | Noticed Sigmund
  1440 | D:3      | Found Vurchoj's Magic Scroll Emporium.
  1457 | D:3      | Noticed Natasha
  1464 | D:3      | Killed Natasha
  1500 | D:3      | Identified the +14 plate armour of Laqa {rElec Will+ Regen+
                  | Int+4}
  1574 | D:3      | Reached skill level 5 in Axes
  1774 | D:3      | Gained mutation: Your magical nature lets you fly swiftly
                  | and evasively. [Tengu growth]
  1774 | D:3      | Reached XP level 5. HP: 32/32 MP: 6/6
  2136 | D:3      | Noticed Natasha
  2140 | D:3      | Killed Natasha
  2204 | D:2      | Killed Sigmund
  2205 | D:2      | Reached XP level 6. HP: 37/37 MP: 7/7
  2625 | D:2      | Killed Crazy Yiuf
  2645 | D:2      | Identified the +8 hammer "Widowmaker" {spect, rC+}
  2745 | D:4      | Noticed a black bear
  2751 | D:4      | Killed a black bear
  2752 | D:4      | Reached XP level 7. HP: 41/41 MP: 8/8
  2996 | D:4      | Found Maeha's Antique Armour Emporium.
  3197 | D:4      | Found a glowing silver altar of Zin.
  3307 | D:5      | Entered Level 5 of the Dungeon
  3366 | D:5      | Reached skill level 5 in Armour
  3366 | D:5      | Reached XP level 8. HP: 46/46 MP: 9/9
  3443 | D:3      | Bought a scroll of blinking for 82 gold pieces
  3443 | D:3      | Bought a scroll of identify for 22 gold pieces
  3443 | D:3      | Bought a scroll of noise for 11 gold pieces
  3443 | D:3      | Bought a scroll of fog for 44 gold pieces
  3450 | D:3      | Identified a scroll of acquirement
  3452 | D:3      | Acquired the ring of Generosity {rF+ rC+ Dex+2}
  3708 | D:5      | Noticed Menkaure
  3716 | D:5      | Killed Menkaure
  3802 | D:5      | Noticed Pikel
  3819 | D:5      | Killed Pikel
  3895 | D:5      | Reached skill level 10 in Axes
  4358 | D:6      | Reached XP level 9. HP: 50/50 MP: 10/10
  4396 | D:6      | Found a staircase to the Ecumenical Temple.
  4417 | Temple   | Entered the Ecumenical Temple
  4436 | Temple   | Became a worshipper of Warmaster Okawaru
  4501 | D:6      | Found an opulent altar of Gozag.
  4599 | D:6      | Found a burning altar of Makhleb.
  4613 | D:6      | Reached skill level 5 in Dodging
  5156 | D:7      | Reached * piety under Okawaru
  5463 | D:7      | Found a sparkling altar of Nemelex Xobeh.
  5698 | D:7      | Reached XP level 10. HP: 56/56 MP: 11/11
  5845 | D:7      | Found a shimmering altar of Xom.
  6519 | D:8      | Reached ** piety under Okawaru
  6691 | D:8      | Found an ornate altar of the Wu Jian Council.
  6808 | D:8      | Reached skill level 10 in Armour
  6812 | D:8      | Found a glowing golden altar of the Shining One.
  6994 | D:9      | Reached *** piety under Okawaru
  7275 | D:9      | Noticed Harold
  7423 | D:9      | Reached XP level 11. HP: 60/60 MP: 12/12
  7597 | D:9      | Killed Harold
  7597 | D:9      | Reached **** piety under Okawaru
  7686 | D:9      | Noticed a deep elf zephyrmancer
  7711 | D:9      | Killed a deep elf zephyrmancer
  7721 | D:9      | Reached skill level 4 in Shields
  7726 | D:9      | Noticed a centaur warrior
  7735 | D:9      | Killed a centaur warrior
  7996 | D:9      | Found a hazy altar of Hepliaklqana.
  8469 | D:10     | Entered Level 10 of the Dungeon
  8469 | D:10     | Found a staircase to the Lair.
  8496 | D:10     | Noticed a two-headed ogre
  8502 | D:10     | Killed a two-headed ogre
  8522 | D:10     | Reached ***** piety under Okawaru
  8575 | D:10     | Noticed Psyche
  8584 | D:10     | Killed Psyche
  8673 | D:10     | Noticed Snorg
  8692 | D:10     | Killed Snorg
  8693 | D:10     | Reached skill level 5 in Shields
  8842 | D:10     | Found a staircase to the Orcish Mines.
  9230 | D:11     | Reached XP level 12. HP: 51/64 MP: 13/13
  9334 | D:11     | You are sucked into a shaft and drop 3 floors!
  9485 | D:11     | Reached skill level 6 in Shields
  9501 | D:11     | Found a runed translucent gate.
  9501 | D:11     | Found a runed translucent gate.
  9501 | D:11     | Found a runed translucent gate.
  9504 | D:11     | Noticed middlethird's ghost (journeyman FoNe)
  9536 | D:11     | Noticed a two-headed ogre
  9540 | D:11     | Killed a two-headed ogre
  9587 | D:11     | Received a gift from Okawaru
  9629 | D:11     | Reached skill level 7 in Shields
 10503 | D:11     | Learned a level 1 spell: Beastly Appendage
 10539 | D:12     | Reached skill level 8 in Shields
 11043 | D:12     | Reached skill level 5 in Fighting
 11043 | D:12     | Reached XP level 13. HP: 72/72 MP: 14/14
 11953 | D:13     | Found a gate to the Vaults.
 11989 | D:13     | Reached skill level 9 in Shields
 12189 | D:13     | Reached ****** piety under Okawaru
 12190 | D:13     | Reached skill level 1 in Stealth
 13077 | D:14     | Received a gift from Okawaru
 13515 | D:14     | a wind drake changed into an entropy weaver
 13515 | D:14     | Noticed an entropy weaver (shapeshifter)
 13522 | D:14     | Killed an entropy weaver
 13523 | D:14     | Reached skill level 10 in Shields
 13819 | Lair:1   | Entered Level 1 of the Lair of Beasts
 13819 | Lair:1   | Noticed Sonja
 13863 | Lair:1   | Killed Sonja
 13863 | Lair:1   | Identified the +0 troll leather armour of Whack-A-Mole {rN+
                  | Regen+} (Okawaru gifted it to you on level 1 of the Lair of
                  | Beasts)
 13863 | Lair:1   | Received a gift from Okawaru
 13938 | Lair:1   | Reached skill level 11 in Shields
 14067 | Lair:1   | Noticed Grum
 14078 | Lair:1   | Killed Grum
 14199 | Lair:1   | Reached XP level 14. HP: 84/84 MP: 15/15
 14984 | Lair:2   | Noticed Gastronok
 15026 | Lair:2   | Killed Gastronok
 15027 | Lair:2   | Reached skill level 12 in Shields
 15190 | Lair:2   | Found a staircase to the Shoals.
 15773 | Lair:2   | Reached skill level 13 in Shields
 16885 | Lair:3   | Reached skill level 14 in Shields
 16887 | Lair:3   | Identified the +0 kite shield "Suganapt" {Int+3} (Okawaru
                  | gifted it to you on level 3 of the Lair of Beasts)
 16887 | Lair:3   | Received a gift from Okawaru
 17048 | Lair:3   | Found a staircase to the Snake Pit.
 17469 | Lair:4   | Found a viscous altar of Jiyva.
 17469 | Lair:4   | Found a staircase to the Slime Pits.
 17862 | Lair:4   | Reached skill level 15 in Shields
 17867 | Lair:4   | Reached XP level 15. HP: 88/88 MP: 16/16
 18532 | Lair:5   | Entered Level 5 of the Lair of Beasts
 18709 | Lair:5   | Found a gate leading to a gauntlet.
 18747 | Lair:5   | Acquired 945 gold pieces
 18759 | Gauntlet | Entered a Gauntlet
 18759 | Gauntlet | Found a transporter.
 18759 | Gauntlet | Found a transporter.
 18763 | Gauntlet | Found a transporter.
 18763 | Gauntlet | Found a transporter.
 18777 | Gauntlet | Found a transporter.
 18782 | Gauntlet | Found a transporter.
 18783 | Gauntlet | Found a large runed translucent door.
 18784 | Gauntlet | Found a transporter.
 18784 | Gauntlet | Found a large runed translucent door.
 18786 | Gauntlet | Found a runed translucent gate.
 18787 | Gauntlet | Found a transporter.
 18787 | Gauntlet | Found a runed translucent gate.
 18788 | Gauntlet | Found a runed translucent gate.
 18789 | Gauntlet | Found a large runed translucent door.
 18789 | Gauntlet | Found a large runed translucent door.
 18790 | Gauntlet | Found a large runed translucent door.
 18791 | Gauntlet | Found a large runed translucent door.
 18806 | Gauntlet | Found a large runed translucent door.
 18806 | Gauntlet | Found a large runed translucent door.
 18831 | Gauntlet | Found a transporter.
 18868 | Gauntlet | Found a transporter.
 18878 | Gauntlet | Found a transporter.
 18894 | Gauntlet | Found a transporter.
 18906 | Gauntlet | Found a transporter.
 18908 | Gauntlet | Found a large runed translucent door.
 18908 | Gauntlet | Found a large runed translucent door.
 18909 | Gauntlet | Found a large runed translucent door.
 18909 | Gauntlet | Found a large runed translucent door.
 18910 | Gauntlet | Found a large runed translucent door.
 18910 | Gauntlet | Found a large runed translucent door.
 18910 | Gauntlet | Found a runed translucent door.
 18910 | Gauntlet | Found a runed translucent door.
 18910 | Gauntlet | Found a large runed translucent door.
 18911 | Gauntlet | Found a large runed translucent door.
 18997 | Gauntlet | Found a transporter.
 19013 | Gauntlet | Found a transporter.
 19026 | Gauntlet | Found a transporter.
 19398 | Gauntlet | Identified the +1 hand axe "Quiteuh" {drain, rElec Dex+2}
                  | (Okawaru gifted it to you in a Gauntlet)
 19398 | Gauntlet | Received a gift from Okawaru
 19399 | Gauntlet | Reached skill level 10 in Dodging
 19409 | Gauntlet | Reached skill level 16 in Shields
 19652 | Gauntlet | Identified the +3 glaive of Ywulen {heavy, rElec Will+
                  | Str-2}
 19878 | Lair:5   | Reached skill level 15 in Axes
 20146 | Lair:5   | Found a burning altar of Makhleb.
 20241 | Lair:5   | Identified the +8 chain mail of Disaster {Harm rN+ Int+2}
                  | (Okawaru gifted it to you on level 5 of the Lair of Beasts)
 20241 | Lair:5   | Received a gift from Okawaru
 20249 | Lair:5   | Found a gateway to Hell.
 20256 | Lair:5   | Identified the +3 morningstar "Isuoriv" {vamp, rElec Str+4}
 20408 | Lair:5   | Identified the ring of Futzanou {EV+5 Str+3}
 21064 | Orc:1    | Entered Level 1 of the Orcish Mines
 21077 | Orc:1    | Found Keibiub's Mayhem Merchandise.
 21106 | Orc:1    | Paralysed by an orc sorcerer for 4 turns
 21248 | Orc:1    | Noticed Jorgrun
 21266 | Orc:1    | Killed Jorgrun
 21416 | Orc:1    | Paralysed by an orc sorcerer for 4 turns
 21565 | Orc:2    | Entered Level 2 of the Orcish Mines
 21566 | Orc:2    | Found a staircase to the Elven Halls.
 21599 | Orc:2    | Paralysed by an orc sorcerer for 3 turns
 21961 | Orc:2    | Reached XP level 16. HP: 46/93 MP: 17/17
 22117 | Orc:2    | Found Uptu's General Store.
 22117 | Orc:2    | Found Reghim's Book Emporium.
 22118 | Orc:2    | Found Ynluanen's Weapon Emporium.
 22122 | Orc:2    | Found Huto's Antique Armour Shoppe.
 22125 | Orc:2    | Bought a potion of berserk rage for 60 gold pieces
 22420 | Elf:1    | Entered Level 1 of the Elven Halls
 22573 | Elf:1    | Gained mutation: You are vulnerable to cold. (rC-) [a
                  | neqoxec]
 22613 | Elf:1    | Identified the +1 hat of the Ethereal God {Rampage rCorr
                  | Int-5 Dex-2} (Okawaru gifted it to you on level 1 of the
                  | Elven Halls)
 22613 | Elf:1    | Received a gift from Okawaru
 22909 | Elf:1    | Noticed Zenata
 22943 | Elf:1    | Identified the ring of the Lily {Fly Will+ Int-5 Dex+2
                  | SInv}
 23090 | D:15     | Entered Level 15 of the Dungeon
 23183 | D:15     | Found a staircase to the Depths.
 23263 | D:15     | Noticed Nessos
 23276 | D:15     | Killed Nessos
 23587 | D:15     | Found a shimmering altar of Xom.
 23589 | D:15     | Found a glowing golden altar of the Shining One.
 23589 | D:15     | Found a glowing golden altar of the Shining One.
 23591 | D:15     | Found a glowing silver altar of Zin.
 23591 | D:15     | Found a sacrificial altar of Ru.
 23591 | D:15     | Found a radiant altar of Vehumet.
 23806 | Snake:1  | Entered Level 1 of the Snake Pit
 23929 | Snake:1  | Found a frozen archway.
 24023 | IceCv    | Entered an ice cave
 24044 | IceCv    | Found a transporter.
 24091 | IceCv    | Found a transporter.
 24644 | Snake:1  | Received a gift from Okawaru
 25120 | Snake:1  | Reached XP level 17. HP: 94/99 MP: 18/18
 25168 | Snake:1  | Found the +3 salamander hide armour {Flames, rFlCloud rF++
                  | rC--}
 25440 | Snake:2  | Found Ziesur's Weapon Emporium.
 25717 | Snake:2  | Noticed Vashnia
 25728 | Snake:2  | Killed Vashnia
 25732 | Snake:2  | Identified the scarf of New Discoveries {shadows, rN+ Will-
                  | rCorr} (Okawaru gifted it to you on level 2 of the Snake
                  | Pit)
 25732 | Snake:2  | Received a gift from Okawaru
 26095 | Snake:2  | Found Hoosubops's Weapon Shop.
 26126 | Snake:2  | Reached skill level 17 in Shields
 26725 | Shoals:1 | Entered Level 1 of the Shoals
 27076 | Shoals:1 | Found Bavonimi's Distillery.
 27087 | Shoals:1 | Bought a potion of haste for 100 gold pieces
 27159 | Shoals:1 | Identified the +7 long sword of Valour {flame, rElec}
 27713 | Shoals:2 | Reached skill level 1 in Spellcasting
 27777 | Shoals:2 | Noticed Polyphemus
 27780 | Shoals:2 | Noticed Mlioglotl
 27798 | Shoals:1 | Reached skill level 1 in Transmutations
 28066 | Shoals:2 | Noticed a tentacled starspawn
 28073 | Shoals:2 | Noticed Ilsuiw
 28080 | Shoals:2 | Noticed a tentacled starspawn
 28089 | Shoals:2 | Paralysed by accursed screaming for 2 turns
 28154 | Shoals:2 | Reached skill level 10 in Fighting
 28451 | Shoals:2 | Killed Polyphemus
 29037 | Snake:3  | Received a gift from Okawaru
 29234 | Snake:3  | Reached XP level 18. HP: 108/108 MP: 21/21
 29272 | Snake:3  | Reached skill level 15 in Armour
 29548 | Snake:4  | Entered Level 4 of the Snake Pit
 29852 | Snake:4  | Identified the +0 chain mail of Servitude {Will++} (Okawaru
                  | gifted it to you on level 4 of the Snake Pit)
 29852 | Snake:4  | Received a gift from Okawaru
 29952 | Snake:4  | Reached skill level 18 in Shields
 30614 | Snake:4  | Reached skill level 5 in Stealth
 31743 | Snake:4  | Got a serpentine rune of Zot
 32183 | Orc:2    | Bought 2 potions of berserk rage for 120 gold pieces
 32183 | Orc:2    | Bought a scroll of blinking for 90 gold pieces
 32312 | Lair:1   | Lost mutation: You are vulnerable to cold. (rC-) [potion of
                  | mutation]
 32312 | Lair:1   | Gained mutation: You passively dampen the noise of your
                  | surroundings. [potion of mutation]
 32312 | Lair:1   | Gained mutation: You are strong-willed. (Will+) [potion of
                  | mutation]
 32399 | Abyss:3  | Cast into level 3 of the Abyss (merfolk impaler)
 32566 | Abyss:4  | Received a gift from Okawaru
 32696 | Abyss:5  | Got an abyssal rune of Zot
 32808 | Shoals:2 | Escaped the Abyss
 32830 | Abyss:5  | Cast into level 5 of the Abyss (merfolk impaler)
 32832 | Abyss:5  | Noticed a lich
 32841 | Abyss:5  | Killed a lich
 32956 | Abyss:5  | Reached XP level 19. HP: 116/116 MP: 25/25
 32977 | Abyss:5  | Learned a level 2 spell: Wereblood
 33042 | Abyss:5  | Found a basalt altar of Yredelemnul.
 33046 | Shoals:2 | Escaped the Abyss
 33640 | Shoals:2 | Reached skill level 19 in Shields
 33647 | Shoals:2 | Killed Ilsuiw
 34560 | Shoals:2 | Identified the +1 ring mail of Limited Liability {Int+3
                  | SInv} (Okawaru gifted it to you on level 2 of the Shoals)
 34560 | Shoals:2 | Received a gift from Okawaru
 35043 | Shoals:3 | Found a hazy altar of Hepliaklqana.
 35561 | Shoals:4 | Entered Level 4 of the Shoals
 35631 | Shoals:4 | Found a flickering gateway to a bazaar.
 35640 | Bazaar   | Entered a bazaar
 35640 | Bazaar   | Found Ibegh's Distillery.
 35640 | Bazaar   | Found Guzuc's Book Shoppe.
 35661 | Bazaar   | Bought a potion of invisibility for 64 gold pieces
 35661 | Bazaar   | Bought a potion of heal wounds for 40 gold pieces
 35690 | Bazaar   | Found Tucorpho's Armour Boutique.
 35698 | Bazaar   | Found Zugicis's Antique Armour Shoppe.
 35732 | Bazaar   | Bought Great Wizards, Vol. II for 722 gold pieces
 35754 | Bazaar   | Bought a potion of ambrosia for 64 gold pieces
 35754 | Bazaar   | Bought a potion of mutation for 64 gold pieces
 35791 | Bazaar   | Bought a glowing scarf for 216 gold pieces
 36077 | Shoals:4 | Learned a level 4 spell: Petrify
 36087 | Shoals:4 | Learned a level 5 spell: Borgnjor's Vile Clutch
 36094 | Shoals:4 | Learned a level 6 spell: Statue Form
 36344 | Shoals:4 | Received a gift from Okawaru
 36608 | Shoals:4 | Identified the +3 plate armour of the Circus Animal {rC+
                  | rN+}
 36750 | Shoals:4 | Got a barnacled rune of Zot
 36884 | Shoals:4 | Reached XP level 20. HP: 124/124 MP: 28/28
 37253 | Shoals:2 | Killed Mlioglotl
 37609 | Orc:2    | Killed Zenata
 37667 | Elf:1    | Reached skill level 20 in Shields
 37729 | Elf:1    | Identified the +5 mace "Uwetiom" {venom, Str+2}
 37758 | Elf:1    | Reached skill level 5 in Spellcasting
 37759 | Elf:1    | Found a radiant altar of Vehumet.
 38013 | Elf:1    | Found Keel's Weapon Shop.
 38369 | Elf:2    | Found Zaki's Book Boutique.
 38386 | Elf:2    | Paralysed by an air elemental for 1 turns
 38429 | Elf:2    | Paralysed by an air elemental for 1 turns
 38533 | Elf:2    | Paralysed by an air elemental for 1 turns
 38537 | Elf:2    | Paralysed by an air elemental for 1 turns
 38611 | Elf:2    | Acquired 715 gold pieces
 38807 | Elf:2    | Identified the +2 war axe of Entrepreneurial Spirit {venom,
                  | rN+ Will++}
 38812 | Elf:2    | Found a huge runed translucent gate.
 38812 | Elf:2    | Found a huge runed translucent gate.
 38812 | Elf:2    | Found a huge runed translucent gate.
 38812 | Elf:2    | Identified the +9 dagger "Wabiot" {flame, Fly Int+3}
 38815 | Elf:2    | Found a huge runed translucent gate.
 38815 | Elf:2    | Found a huge runed translucent gate.
 38822 | Elf:2    | Identified the +7 long sword "Qixzired" {speed, rC++ Str+2}
 38927 | Elf:2    | Identified the +4 broad axe "Dolaw" {pain, rCorr Str+2}
                  | (Okawaru gifted it to you on level 2 of the Elven Halls)
 38927 | Elf:2    | Received a gift from Okawaru
 39826 | Elf:3    | Entered Level 3 of the Elven Halls
 40198 | Elf:3    | Found an ancient bone altar of Kikubaaqudgha.
 40224 | Elf:3    | Identified the +0 scale mail of Amelioration {Drain rF+
                  | rN++} (Okawaru gifted it to you on level 3 of the Elven
                  | Halls)
 40224 | Elf:3    | Received a gift from Okawaru
 40978 | Elf:3    | Reached skill level 5 in Transmutations
 41132 | Elf:3    | Identified the +1 mace "Etusuco" {freeze, rElec rPois rN+}
 41499 | Elf:3    | Identified the staff of conjuration "Dugischij" {+Blink}
 41537 | Elf:3    | Identified the staff of cold "Dojirat" {rC+ Will+}
 41713 | Elf:3    | Gained mutation: You are vulnerable to heat. (rF-) [a
                  | cacodemon]
 42033 | Shoals:4 | Lost mutation: You are strong-willed. (Will+) [potion of
                  | mutation]
 42033 | Shoals:4 | Lost mutation: You passively dampen the noise of your
                  | surroundings. [potion of mutation]
 42033 | Shoals:4 | Gained mutation: You occasionally lose the ability to read
                  | scrolls when taking damage. [potion of mutation]
 42033 | Shoals:4 | Gained mutation: You are vulnerable to cold. (rC-) [potion
                  | of mutation]
 42272 | D:4      | Lost mutation: You are vulnerable to heat. (rF-) [potion of
                  | mutation]
 42272 | D:4      | Lost mutation: You occasionally lose the ability to read
                  | scrolls when taking damage. [potion of mutation]
 42272 | D:4      | Gained mutation: You are partially covered in iridescent
                  | scales. (AC +2) [potion of mutation]
 42496 | Elf:3    | Reached XP level 21. HP: 132/132 MP: 30/30
 43149 | Elf:3    | Identified the +0 robe of Rononorr {rC+++ Regen+ Str-3
                  | SInv}
 43149 | Elf:3    | Identified the amulet of the Thistle {Spirit rF+ Will-
                  | Str+3}
 43240 | Elf:3    | Identified the +3 plate armour of Cocytus {rN+ rCorr Int+3
                  | Slay+3}
 43249 | Elf:3    | Reached skill level 21 in Shields
 43413 | Elf:3    | Got the Elucidation of Skeletons
 43416 | Elf:3    | Got Roneofus's Octavo of Charming Destruction
 43419 | Elf:3    | Got the Codex of Felsic Dislocation
 43543 | Elf:3    | Received a gift from Okawaru
 43653 | Elf:3    | Found Uliwkuz's Distillery.
 43661 | Elf:3    | Bought a potion of curing for 60 gold pieces
 43661 | Elf:3    | Bought a potion of heal wounds for 100 gold pieces
 43661 | Elf:3    | Bought a potion of curing for 60 gold pieces
 43661 | Elf:3    | Bought a potion of curing for 60 gold pieces
 43661 | Elf:3    | Bought a potion of curing for 60 gold pieces
 43661 | Elf:3    | Bought a potion of resistance for 200 gold pieces
 43742 | Elf:3    | Identified the staff of fire "Ceapp" {rF+ Dex+4}
 43755 | Elf:3    | Got the Vellum of Snowy Bolts
 44058 | Depths:1 | Entered Level 1 of the Depths
 44307 | Depths:1 | Identified the +6 glaive of Reapportionment {pain, rPois
                  | Int+2 Dex+3}
 44711 | Depths:1 | Identified the +10 spear "Piotod" {elec, rElec Dex+3}
 44969 | Depths:2 | Noticed Vv
 45341 | Depths:2 | Noticed the Enchantress
 45382 | Depths:2 | Killed the Enchantress
 45398 | Depths:2 | Reached skill level 15 in Fighting
 45703 | Depths:2 | Identified the +3 ring mail of the Arena {rF+ Regen+ MP-9}
                  | (Okawaru gifted it to you on level 2 of the Depths)
 45703 | Depths:2 | Received a gift from Okawaru
 45968 | Depths:2 | Found a one-way gate leading to the halls of Pandemonium.
 46301 | Depths:2 | Killed Vv
 46476 | Depths:3 | Reached XP level 22. HP: 135/140 MP: 33/33
 46811 | Vaults:1 | Entered Level 1 of the Vaults
 46813 | Vaults:1 | Found Vyoteaze's Weapon Shoppe.
 46976 | Vaults:1 | Reached skill level 22 in Shields
 47873 | Vaults:1 | Received a gift from Okawaru
 48086 | Vaults:1 | Identified the staff of conjuration "Caschom" {rC+}
 48320 | Vaults:2 | Found a magical portal.
 48337 | WizLab   | Entered The Chambers of the Cloud Mage
 48954 | WizLab   | Paralysed by an air elemental for 1 turns
 49147 | WizLab   | Identified the +6 chain mail "Anoalina" {Dex+3} (Okawaru
                  | gifted it to you in a wizard's laboratory)
 49147 | WizLab   | Received a gift from Okawaru
 49275 | WizLab   | Identified the +8 quick blade "Giolu" {flame, rPois Str+4
                  | Int+4}
 49296 | WizLab   | Got the Directory of Lightning
 49425 | Vaults:2 | Found Byesaa's Antique Weapon Boutique.
 49521 | Vaults:2 | Reached skill level 10 in Stealth
 49985 | Vaults:2 | Reached XP level 23. HP: 148/148 MP: 35/35
 50753 | Vaults:3 | Found Cuptauni's General Store.
 50773 | Vaults:3 | Reached skill level 23 in Shields
 50982 | Vaults:3 | Bought a potion of heal wounds for 90 gold pieces
 50982 | Vaults:3 | Bought a potion of curing for 54 gold pieces
 51042 | Vaults:3 | Found a staircase to the Crypt.
 51042 | Vaults:3 | Found an ancient bone altar of Kikubaaqudgha.
 51043 | Vaults:3 | Found a basalt altar of Yredelemnul.
 51043 | Vaults:3 | Noticed Xtahua
 51058 | Vaults:3 | Killed Xtahua
 51508 | Vaults:3 | Identified the +5 war axe "Tyafia" {freeze, Str+3} (Okawaru
                  | gifted it to you on level 3 of the Vaults)
 51508 | Vaults:3 | Received a gift from Okawaru
 52334 | Vaults:3 | Noticed Margery
 52365 | Vaults:3 | Killed Margery
 52365 | Vaults:3 | Received a gift from Okawaru
 53458 | Vaults:4 | Reached XP level 24. HP: 156/156 MP: 36/36
 53805 | Crypt:1  | Entered Level 1 of the Crypt
 53859 | Crypt:1  | Identified the amulet "Qaotipri" {Spirit rC+ rN++ Str+2
                  | Int+3}
 54229 | Crypt:1  | Noticed Saint Roka
 54286 | Crypt:1  | Reached skill level 1 in Earth Magic
 54370 | Crypt:1  | Killed Saint Roka
 54763 | Crypt:1  | Received a gift from Okawaru
 55096 | Crypt:2  | Reached skill level 24 in Shields
 55959 | Crypt:3  | Entered Level 3 of the Crypt
 56105 | Crypt:3  | Found a staircase to the Tomb.
 56265 | Crypt:3  | Received a gift from Okawaru
 56676 | Crypt:3  | Noticed Mennas
 57579 | Crypt:3  | Killed Mennas
 58172 | Crypt:3  | Reached XP level 25. HP: 164/164 MP: 37/37
 58582 | Tomb:1   | Entered Level 1 of the Tomb of the Ancients
 59029 | Tomb:1   | Received a gift from Okawaru
 59703 | Depths:3 | Found Xeykkex's Antique Weapon Emporium.
 59705 | Depths:3 | Found Yman's Book Shoppe.
 59706 | Depths:3 | Found Bosie's Antique Armour Emporium.
 59718 | Depths:3 | Bought a book of the Moon for 880 gold pieces
 59723 | Depths:3 | Learned a level 4 spell: Passage of Golubria
 59731 | Depths:3 | Found a one-way gate to the infinite horrors of the Abyss.
 59840 | Depths:3 | Noticed a juggernaut
 59863 | Depths:3 | Killed a juggernaut
 59863 | Depths:3 | Identified the +4 broad axe of Jidur {drain, rF+} (Okawaru
                  | gifted it to you on level 3 of the Depths)
 59863 | Depths:3 | Received a gift from Okawaru
 59924 | Depths:3 | Reached skill level 1 in Translocations
 59980 | Depths:3 | Noticed a juggernaut
 59998 | Depths:3 | Killed a juggernaut
 60065 | Depths:3 | Identified the +9 great sword "Jatrudaxt" {flame, rC+ Str+5
                  | Int-3}
 60243 | Depths:3 | Reached skill level 15 in Dodging
 60321 | Depths:4 | Entered Level 4 of the Depths
 61094 | Depths:4 | Reached skill level 25 in Shields
 61156 | Depths:4 | Received a gift from Okawaru
 61274 | Depths:4 | Found a stormy altar of Qazlal.
 61419 | Depths:4 | Found a one-way gateway to a ziggurat.
 61803 | Depths:4 | Found a gate to the Realm of Zot.
 62950 | Vaults:5 | Entered Level 5 of the Vaults
 62963 | Vaults:4 | Reached XP level 26. HP: 167/172 MP: 35/37
 62976 | Vaults:5 | Noticed a dread lich
 63057 | Vaults:4 | Killed a dread lich
 63065 | Vaults:5 | Noticed an ancient lich
 63875 | D:8      | Fell from the grace of Okawaru
 63875 | D:8      | Became a worshipper of the Shining One
 64119 | Vaults:4 | Reached skill level 10 in Spellcasting
 64194 | Vaults:5 | HP: 6/173 [vault guard/+0 bardiche (13)]
 64198 | Vaults:4 | Slain by a stone giant

Illustrated notes

Levels and vault maps discovered:
D:1:      arrival_zaba_pyramid, layout_basic,
          hellmonk_ecumenical_altar_arch_garden
D:2:      layout_loops_corners, uniq_crazy_yiuf_cottage, uniq_sigmund
D:3:      minmay_skewed_foursquare, layout_loops_ring, serial_shops, shop,
          uniq_natasha
D:4:      layout_cave_pools, lemuel_tele_altar, serial_shops, kennysheep_mini,
          grunt_tough_drop
D:5:      layout_loops_corners, uniq_menkaure, uniq_pikel
D:6:      layout_loops_ring, nicolae_gozag_seed_capital,
          mainiacjoe_overflow_concentric_impassable, minmay_temple_entry_ruins,
          chequers_serial_rivers_micro_e
D:7:      layout_layer_cave, mainiacjoe_overflow_brackets, dk_xom_monty_hall
D:8:      layout_loops_ring, tso_altar, nicolae_wu_jian_wuxing_cycle
D:9:      nzn_winding_woodlands_small [nzn_winding_woodlands_5x15_twine,
          nzn_winding_woodlands_center_lodge,
          nzn_winding_woodlands_5x15_river_crossing], layout_basic,
          amcnicky_altar_gilded, minmay_holes, serial_bayou_ford_a,
          minivault_23, uniq_harold
D:10:     nicolae_BIG_FREAKIN_CUBE, layout_basic, david_orc_5, uniq_psyche,
          uniq_snorg
D:11:     layout_gridville, ebering_ghost_rock_garden, minivault_25_ag,
          small_statue_alley_a, hangedman_tell_no_tales
D:12:     layout_long_grid
D:13:     layout_cave_pods, erik_vaults_1
D:14:     layout_loops_corners, minmay_misc_feat_tower
D:15:     gammafunk_depths_entry_grave, layout_basic, hangedman_glass_teeth,
          eino_tiny_chamber, doesnt_xom_only_xom, uniq_nessos
Temple:   eino_narrow_crystal_temple
Lair:1:   layout_cave_pods, beast_lair_carwin_4, lemuel_fruit_tree, uniq_grum,
          uniq_sonja
Lair:2:   layout_roguey [special_room_bee], elwin_shoals_entry_stream,
          cheibrodos_lair_lostbears, infiniplex_staircase_pool_2, uniq_gastronok
Lair:3:   layout_cave_pods, minmay_snake_entry_guardpost_medium,
          beast_lair_carwin_3
Lair:4:   layout_layer_cave, minmay_slime_entry_pillars, st_stairs_11
Lair:5:   evil_forest, layout_cellular_growth, gauntlet_entry_generic
Shoals:1: layout_shoals, serial_shops, shop
Shoals:2: layout_shoals, uniq_ilsuiw, uniq_polyphemus, uniq_mlioglotl
Shoals:3: layout_shoals, wheals_shoals_ruined_temple
Shoals:4: shoals_end_grunt_ice, layout_shoals, serial_shops, bzr_firewalk,
          nicolae_shoals_this_corrosion
Snake:1:  layout_grid_maze, portal_ice_cave_entry_ice_simulacra,
          hellmonk_guarded_unrand_salamander
Snake:2:  layout_gridlike, serial_shops, nicolae_shop_bloodbath_and_beyond,
          minmay_shop_grid_forest, nrook_loot_triangle, serial_bayou_lagoon_b,
          uniq_vashnia
Snake:3:  layout_misc_corridors
Snake:4:  minmay_snake_end_coiled, layout_misc_corridors
Orc:1:    layout_caves, minmay_shop_mayhem, guppyfry_orc_lava_fort, uniq_jorgrun
Orc:2:    st_orc_mages, layout_diamond_mine, special_room
Elf:1:    minmay_elf_arrival_summoners, layout_rooms, serial_shops,
          nicolae_shop_hallway_stairs, basic_altar, hangedman_elf_disciples,
          uniq_zenata
Elf:2:    elven_hall_of_blades_hangedman_alternative
          [mumra_blade_entry_bloodbath], layout_geoelf_grid, serial_shops,
          nicolae_stop_n_shop_1
Elf:3:    minmay_elf_hall_quartered_circle, layout_geoelf_octagon, basic_altar,
          serial_shops, nicolae_shop_crystal, minivault_27
Vaults:1: vaults_room_door_hall, nicolae_vaults_octothorpe,
          nicolae_vaults_mush_room, v_misc_28, nicolae_vaults_closet_pinwheel_2,
          nicolae_vaults_octothorpe, hangedman_vaults_capsules,
          nicolae_vaults_storage_room_statues, layout_vaults_omnicross,
          serial_shops, shop
Vaults:2: mu_enter_wizlab_4, nicolae_vaults_tetromino_Z_2,
          nicolae_vaults_diamond_1, nicolae_vaults_little_squares_6,
          nicolae_vaults_big_angled_halls, nicolae_vaults_network_s,
          nicolae_vaults_network_periphery, grunt_vaults_focal, v_misc_18,
          nicolae_vaults_circle_grid_b, nicolae_vaults_variable_pillar_hall,
          nicolae_vaults_border_crossing, nicolae_vaults_storage_closets_2,
          nicolae_vaults_gold_heap, layout_vaults_omnibox, serial_shops,
          nicolae_shop_scrapyard
Vaults:3: hangedman_vaults_river_flow, nicolae_vaults_circle_grid_b,
          vaults_dpeg_emergency_exit, nicolae_vaults_prndl,
          nicolae_vaults_sightless_eye, nicolae_vaults_variable_pillar_hall,
          hangedman_vaults_slice, v_misc_13, nicolae_vaults_what_the_h,
          nicolae_vaults_circle_grid_a, minmay_crypt_entry_necro_gods,
          nicolae_vaults_prndl, grunt_vaults_hallway_long, layout_vaults_ring,
          serial_shops, shop, uniq_xtahua, uniq_margery
Vaults:4: v_misc_15, hangedman_vaults_cutoff, nicolae_vaults_oval_intersection,
          nicolae_vaults_display_case, vaults_room_pool,
          nicolae_vaults_more_shelving_1, nicolae_vaults_trapezoid_lopsided_3,
          v_misc_31, nicolae_vaults_double_plus_2, layout_vaults_omnigrid
Vaults:5: serial_shops
Crypt:1:  layout_gridlike, grunt_megastairs_1, uniq_saint_roka
Crypt:2:  layout_misc_corridors, grunt_megastairs_5
Crypt:3:  due_elkab, layout_chaotic_city, uniq_mennas
Tomb:1
Depths:1: layout_roguey, pf_hell_entry_tar_spiral, hangedman_decor_points,
          lemuel_flamethrower_3, grunt_megastairs_2
Depths:2: minmay_distorted_concentric_squares, layout_gridville, hell_entry,
          serial_sigils_hangedman_snap, grunt_pan_entry_zigzag,
          kennysheep_small_spiral, uniq_vv, uniq_enchantress
Depths:3: lemuel_traditional_vault, layout_cave_shapes, abyss_entry,
          lightli_too_deep, pan_entry, serial_bayou_shore_b, minmay_shop_star,
          minmay_staircase_windowed_small
Depths:4: grunt_zot_entry_alcove, layout_gridlike, enter_ziggurat_c, hell_entry,
          grunt_pan_entry_spiral, nicolae_qazlal_eye_of_the_storm, st_stairs_8

Skill      XL: |  1  2  3  4  5  6  7  8  9 10 11 12 13 14 15 16 17 18 19 20 21 22 23 24 25 26 |
---------------+-------------------------------------------------------------------------------+-----
Axes           | 3 4 5 6 7 8 10 11 12 13 14 17 20 | 20.2
Dodging        | 1 2 3 4 5 7 8 9 10 11 12 13 14 15 | 15.4
Armour         | 4 5 6 8 11 13 14 15 16 17 18 | 18.7
Shields        | 5 8 11 15 16 17 18 19 20 21 22 23 24 25 | 25.5
Fighting       | 5 8 10 12 13 14 15 16 17 18 19 | 19.8
Stealth        | 2 4 6 7 8 9 10 11 12 | 12.6
Spellcasting   | 1 3 4 5 6 7 8 9 10 | 10.0
Transmutations | 1 2 4 5 6 7 8 |  8.9
Earth Magic    | 2 3 4 |  4.3
Translocations | 2 3 |  3.1

Action                     |  1- 3 |  4- 6 |  7- 9 | 10-12 | 13-15 | 16-18 | 19-21 | 22-24 | 25-27 || total
---------------------------+-------+-------+-------+-------+-------+-------+-------+-------+-------++-------
  Melee: War axe           |    52 |    29 |       |       |       |       |       |       |       ||    81
         Kick              |    12 |    14 |    56 |   246 |   512 |   523 |   716 |  1006 |   366 ||  3451
         Peck              |     3 |    11 |    41 |   146 |   315 |   372 |   407 |   659 |   242 ||  2196
         Whip              |       |    66 |       |       |       |       |       |       |       ||    66
         Mace              |       |     6 |   214 |   586 |   933 |       |       |       |       ||  1739
         Executioner's axe |       |       |       |       |   261 |   267 |       |       |       ||   528
         Hand axe          |       |       |       |       |    21 |       |       |       |       ||    21
         Broad axe         |       |       |       |       |       |  1121 |  1639 |  1929 |   680 ||  5369
  Throw: Dart              |       |       |       |     7 |    18 |     5 |     1 |     2 |       ||    33
         Throwing net      |       |       |       |     3 |       |       |       |     1 |       ||     4
   Cast: Wereblood         |       |       |       |       |       |       |     1 |    24 |    12 ||    37
 Invoke: Heroism           |       |       |       |     3 |     7 |     9 |    13 |     6 |     6 ||    44
         Finesse           |       |       |       |       |       |     1 |     3 |     2 |       ||     6
  Evoke: Wand              |       |       |       |    11 |     8 |     3 |       |       |       ||    22
         Lightning rod     |       |       |       |       |       |       |     5 |       |       ||     5
         Condenser vane    |       |       |       |       |       |       |     1 |       |       ||     1
    Use: Scroll            |       |       |    10 |     8 |    10 |     8 |     7 |     4 |     1 ||    48
         Potion            |       |       |       |       |     3 |    13 |    14 |     4 |     3 ||    37
   Stab: Distracted        |       |       |     2 |     7 |    17 |       |     1 |     1 |     1 ||    29
         Held in net/web   |       |       |       |     2 |       |       |       |       |       ||     2
         Paralysed         |       |       |       |       |     6 |     3 |       |       |       ||     9
         Petrified         |       |       |       |       |       |     2 |       |       |       ||     2
         Sleeping          |       |       |       |       |       |       |       |    11 |     2 ||    13
 Armour: Scale mail        |    22 |       |       |       |       |       |       |       |       ||    22
         Plate armour      |    13 |    61 |   121 |   356 |   851 |   437 |   401 |   470 |   230 ||  2940
         Skin              |       |       |       |    22 |       |       |       |       |       ||    22
  Dodge: Dodged            |    20 |    26 |    65 |   287 |   711 |   428 |   510 |   525 |   249 ||  2821
  Block: Buckler           |    18 |    16 |    47 |   170 |    51 |       |       |       |       ||   302
         Tower shield      |       |       |       |       |   531 |  1069 |  1055 |  1922 |   710 ||  5287
         Kite shield       |       |       |       |       |   310 |       |   444 |       |       ||   754
         Other             |       |       |       |       |    28 |    60 |       |       |       ||    88
         Reflection        |       |       |       |       |     4 |   138 |    88 |    80 |       ||   310
